woodfighter, neutral female human Healer ----- |ZZ.| |@Z?+ .Z.*| ----- woodfighter the Empiric Experience level: 4 Strength: 11 Dexterity: 9 Constitution: 15 Intelligence: 10 Wisdom: 15 Charisma: 16 Health: 0(30) Energy: 22(22) Def: 2 Gold: 307 Moves: 2453 Dungeon seed: I_Nc0dGLIsoX8VjH Game ID: woodfighter_1507585791 Your Inventory: Coins $ - 307 gold pieces Weapons a - a +0 scalpel (weapon in hand) Armor e - an uncursed +1 pair of leather gloves (being worn) Comestibles j - 8 blessed eucalyptus leaves k - 2 blessed sprigs of wolfsbane l - 3 blessed cloves of garlic m - 6 uncursed apples w - 2 uncursed cram rations M - an uncursed eucalyptus leaf O - an uncursed tin of giant rat meat Scrolls P - a cursed scroll of identify Potions K - an uncursed potion of speed Rings L - an uncursed ring of fire resistance Q - an uncursed ring of free action Wands f - a wand of sleep (0:7) p - a wand of striking (0:3) q - a wand of digging (0:5) Tools b - an uncursed stethoscope y - an uncursed skeleton key A - an uncursed magic lamp B - an uncursed blindfold Spells and supernatural/magical abilities: Name Level Category Fail Memory h - healing 1 healing 0% 88% x - extra healing 3 healing 27% 88% S - stone to flesh 3 healing 41% 88% W - pray for help -- divine ? -- Your skills at the end: Miscellaneous Skills wands [Basic] Weapon Skills knife [Basic] Spellcasting Skills healing spells [Basic] Final Attributes: You were devoutly aligned. You were poison resistant. Your writing hand was ok. You were very stealthy. You are dead. Vanquished creatures: a kitten a homunculus a jitterbug 2 giant bats a dwarf zombie a coyote an acid blob 2 geckos a hobgoblin 2 giant rats a cave spider a brown mold a yellow mold 2 garter snakes 3 jackals a kobold a newt a goblin 3 sewer rats 5 grid bugs 2 lichens a kobold zombie 35 creatures vanquished. Voluntary challenges: You did not adorn yourself with jewelry or accessories. You did not cause conflict. You were not invisible. You did not have reflection. You were not displaced. You used a wielded weapon 76 times, starting on turn 1. You did not apply a unicorn horn. You did not use plumbed fixtures. You did not drink any magical draughts. You were illiterate. You never genocided any monsters. You never polymorphed an object. You never changed form. You used no wishes. You never split a pudding. You never wrote Elbereth's name. You never violated your personal moral code. Dungeon overview: The Dungeons of Doom: levels 1 to 6 Level 1 a fountain a long staircase Level 2 (box) an altar to Athena Level 3 (vault) Level 4 a general store, some fountains stairs to The Gnomish Mines Level 5 a fountain Level 6 <- You were here The Gnomish Mines: Level 5 stairs to The Dungeons of Doom History has recorded: On T:1 you entered the Dungeons of Doom to retrieve the Amulet of Yendor! On T:17 you reached level 2 of The Dungeons of Doom. On T:421 you reached level 3 of The Dungeons of Doom. On T:494 you reached level 4 of The Dungeons of Doom. On T:591 you advanced to experience level 2. On T:854 you advanced to experience level 3. On T:1278 you reached level 1 of The Gnomish Mines. On T:1444 you reached level 5 of The Dungeons of Doom. On T:1682 you prayed to Hermes. On T:2400 you advanced to experience level 4. On T:2453 you reached level 6 of The Dungeons of Doom. Score breakdown: Gold: 0 ( 0 points) Experience: 4 levels ( 300 points) Exploration: 6 levels ( 150 points) Discoveries: 11 items ( 550 points) Variety of kills: 22 monsters ( 1100 points) Major goal: (nothing yet) ( 0 points) Survival: died (score multiplied by 3) Total score: 6300 Latest messages: The jitterbug bites! (2x) You slash the jitterbug. The jitterbug is almost dead. The jitterbug bites! (2x) You kill the jitterbug! Welcome to experience level 4. You stop exploring. A trap door in the ceiling opens and a rock falls on your head! You see here a statue of a giant rat. The door resists! (2x) The door opens. KABOOM!! The door was booby-trapped! You stop exploring. You stagger... You feel a bit steadier now. You slash the gecko. The gecko is moderately wounded. The gecko bites! You slash the gecko. The gecko is moderately wounded. You kill the gecko! You see here a yellowish brown gem. Q - an emerald ring. You are beginning to feel hungry. You stop exploring. The dwarf zombie scratches you! (4x) You die... Final status: Goodbye woodfighter the Healer, killed by a dwarf zombie... You died in The Dungeons of Doom on dungeon level 6 with 6300 points, and 307 pieces of gold, after 2453 moves. You were level 4 with a maximum of 30 hit points when you died.